 Dungeon Crawl Stone Soup version 0.29-a0-8-g0446c0dae4 (webtiles) character file.

Game seed: 13015468225234033336

103 testman the Ruffian (level 4, 0/45 HPs)
             Began as a Troll Monk on Jan 27, 2022.
             Was a Priest of Zin.
             Slain by a goblin (6 damage)
             ... led by Robin
             ... on level 2 of the Dungeon.
             The game lasted 00:03:25 (1087 turns).

testman the Ruffian (Troll Monk)                    Turns: 1087, Time: 00:03:26

Health: 0/45       AC:  4    Str: 21    XL:     4   Next: 51%
Magic:  3/3        EV: 10    Int:  6    God:    Zin [***...]
Gold:   52         SH:  0    Dex: 12    Spells: 3/3 levels left

rFire   . . .      SeeInvis .     - Unarmed
rCold   + . .      Faith    .   (no shield)
rNeg    . . .      Spirit   .   a - +0 robe
rPois   .          Reflect  .   (helmet restricted)
rElec   .          Harm     .   (no cloak)
rCorr   .          Rampage  .   (gloves unavailable)
Will    .....                   (boots unavailable)
Stlth   ++........              (no amulet)
HPRegen 0.95/turn               b - ring of protection from cold
MPRegen 0.08/turn               (no ring)

@: on recite cooldown
A: large, unfitting armour, claws 3, regeneration 1, shaggy fur 1, tough skin 1
a: Renounce Religion, Recite, Vitalisation, Imprison, Donate Gold


You were on level 2 of the Dungeon.
You worshipped Zin.
Zin was most pleased with you.
You visited 1 branch of the dungeon, and saw 2 of its levels.

You collected 57 gold pieces.
You donated 5 gold pieces to Zin.

Inventory:

Missiles
 d - 5 stones (quivered)
Armour
 a - a +0 robe (worn)
Jewellery
 b - a ring of protection from cold (left claw)
Scrolls
 c - a scroll of immolation {unknown}
Potions
 e - 2 potions of lignification {unknown}
 f - a potion of cancellation {unknown}
 g - a potion of curing {unknown}


   Skills:
 + Level 3.5 Fighting
 - Level 2.4 Dodging
 - Level 1.0 Stealth
 + Level 4.3 Unarmed Combat


You had 3 spell levels left.
You didn't know any spells.
Your spell library was empty.

Dungeon Overview and Level Annotations

Branches:
Dungeon (2/15)

Altars:
Zin

Annotations:
D:2 Robin


Innate Abilities, Weirdness & Mutations

You are too large for most types of armour.
You have claws for hands.
Your natural rate of healing is unusually fast.
You are covered in fur. (AC +1)
You have tough skin. (AC +1)


Message History

You closely miss the hobgoblin.
The hobgoblin is lost in a daze.
You scratch the hobgoblin.
The hobgoblin is moderately wounded.
The goblin no longer looks unusually strong.
Robin throws the goblin at you! The hobgoblin barely misses you.
The goblin barely misses you.
You closely miss the goblin.
The hobgoblin hits you but does no damage.
The goblin closely misses you.
You scratch the goblin.
You kill the goblin!
The hobgoblin hits you.
You claw the hobgoblin!
You kill the hobgoblin!
You closely miss the hobgoblin.
The hobgoblin no longer looks unusually strong.
Robin roars a battlecry!
The goblins go into a battle-frenzy!
The hobgoblin hits you with a staff of conjuration.
You barely miss the hobgoblin.
The hobgoblin hits you with a staff of conjuration.
You claw the hobgoblin!
You kill the hobgoblin!
You scratch the kobold but do no damage.
The kobold hits you but does no damage. Robin throws the goblin at you!
You closely miss the kobold.
The kobold hits you with a +0 short sword.
The goblin barely misses you.
You scratch the goblin.
The goblin is moderately wounded.
The kobold hits you but does no damage. The goblin hits you with a +0 club.
You closely miss the goblin.
The goblin is moderately wounded.
The kobold closely misses you. The goblin hits you with a +0 club.
* * * LOW HITPOINT WARNING * * *
You closely miss the goblin.
The kobold hits you with a +0 short sword.
* * * LOW HITPOINT WARNING * * *
The goblin hits you with a +0 club.
You die...

. .. ... .... .....
......#############
.....gK@g..........
###
.....#####.........
..#### ###
#.#####... .....##
#.....#### #.##..#
#..#.....##
...#..###
######..#†###..## ..
._......#
#....##.#...##..##..
...#.(#.######..#
#.##...##..#..
#.##..#.....##.#
#..#....##.##.


You could see Robin, a goblin (strong) and a kobold.

Vanquished Creatures
  Natasha (D:2)
  Terence (D:2)
  A worm (D:2)
  A dart slug (D:2)
  5 ball pythons
  5 endoplasms
  A giant cockroach (D:2)
  14 goblins
  3 hobgoblins
  2 quokkas (D:1)
  5 bats
  2 frilled lizards
  7 kobolds
  5 rats
53 creatures vanquished.

Notes
Turn   | Place    | Note
-------+----------+-------------------------------------------
     0 | D:1      | testman the Troll Monk began the quest for the Orb.
     0 | D:1      | Reached XP level 1. HP: 22/22 MP: 0/0
   120 | D:1      | Reached XP level 2. HP: 29/29 MP: 1/1
   841 | D:2      | Noticed a scorpion
   843 | D:2      | Noticed Terence
   848 | D:2      | Killed Terence
   849 | D:2      | Reached XP level 3. HP: 32/37 MP: 2/2
   908 | D:2      | Found a faded altar of an unknown god.
   914 | D:2      | Prayed at the altar of an unknown god.
   914 | D:2      | Became a worshipper of Zin the Law-Giver
   914 | D:2      | Reached * piety under Zin
   914 | D:2      | Reached ** piety under Zin
   914 | D:2      | Reached *** piety under Zin
  1025 | D:2      | Reached skill level 4 in Unarmed Combat
  1046 | D:2      | Noticed Natasha
  1054 | D:2      | Killed Natasha
  1055 | D:2      | Reached XP level 4. HP: 24/45 MP: 3/3
  1057 | D:2      | Noticed Robin
  1087 | D:2      | Slain by a goblin

Illustrated notes

Levels and vault maps discovered:
D:1:      dpeg_arrival_connections, layout_basic, minmay_tiny_reverse_x
D:2:      minmay_evil_eye, layout_rooms, ebering_ecumenical_altar_box,
          basic_altar, minmay_unequal, uniq_robin, uniq_natasha, uniq_terence

Skill      XL: |  1  2  3 |
---------------+----------+-----
Fighting       | 3 |  3.5
Unarmed Combat | 4 |  4.3
Dodging        | |  2.4
Stealth        | |  1.0

Action                   |  1- 3 |  4- 6 || total
-------------------------+-------+-------++-------
Melee: Unarmed           |    84 |    31 ||   115
       Punch             |     1 |       ||     1
Invok: Recite            |       |     1 ||     1
 Stab: Sleeping          |     2 |       ||     2
       Confused          |       |     1 ||     1
Armor: Robe              |    34 |    10 ||    44
Dodge: Dodged            |    52 |     9 ||    61

Table legend: (Time is in decaauts)
 A = Elapsed time spent in this place.
 B = Non-inter-level travel time spent in this place.
 C = Inter-level travel time spent in this place.
 D = Time resting spent in this place.
 E = Time spent auto-exploring this place.
 F = Levels seen in this place.
 G = Mean time per level.
                   A        B        C        D        E       F      G
               +--------+--------+--------+--------+--------+-----+--------+
         Total |   1078 |   1058 |     20 |      0 |    784 |   2 |  539.0 |
       Dungeon |   1078 |   1058 |     20 |      0 |    784 |   2 |  539.0 |
               +--------+--------+--------+--------+--------+-----+--------+

Top non-repeatable levels by time:
     D:1: 835 daAuts
     D:2: 242 daAuts
